Cogmind - Beta 13 @@@ ROGUE MODE // 2024.03.01 @ 22:59:58 Player: Crud Result: Destroyed by as-85146 with Assembled Rifle Performance ------------- Evolutions (0) 0 Regions Visited (3) 600 Robots Destroyed (16) 80 Value Destroyed (464) 464 Prototype IDs (0) 0 Alien Tech Used (0) 0 Bonus (0) 0 TOTAL SCORE: 1144 Bonus ------- None Cogmind --------- Core Integrity 0/250 Matter 258/300 Energy 100/100 System Corruption 1% Temperature Cool (1) Movement Flying (35) Location -10/Exiles Parts ------- > --- POWER (1) -------- (None) > --- PROPULSION (2) --- VTOL Module > --- UTILITY (2) ------ Signal Interpreter > --- WEAPON (2) ------- (None) > --- INVENTORY (5) ---- Light Fission Core VTOL Module VTOL Module Small Storage Unit Beam Rifle Peak State ------------ > --- POWER ------------ Light Ion Engine > --- PROPULSION ------- VTOL Module VTOL Module > --- UTILITY ---------- Improved Heat Sink Terrain Scanner > --- WEAPON ----------- Beam Rifle Beam Rifle > --- INVENTORY -------- VTOL Module VTOL Module Medium Storage Unit Signal Interpreter Mining Laser [Rating: 13] Favorites ----------- Power Light Ion Engine Engine Light Ion Engine Propulsion Aluminum Leg Leg Aluminum Leg Flight Unit VTOL Module Utility Terrain Scanner Device Terrain Scanner Storage Huge Storage Unit Processor Signal Interpreter Weapon Light Assault Rifle Energy Gun EM Pulse Gun Ballistic Gun Light Assault Rifle Special Weapon Mining Laser Build | -11 -10 -10 -10 ------- Run | Yrd Mat Min Exi Slots Evolved . | . . . . Power . | . . . . Propulsion . | . . . . Utility . | . . . . Weapon . | . . . . Parts Attached 22 | 6 15 . 1 Power 2 | 1 1 . . Engine 2 | 1 1 . . Core . | . . . . Reactor . | . . . . Propulsion 7 | 2 5 . . Treads . | . . . . Leg 5 | 2 3 . . Wheel . | . . . . Hover . | . . . . Flight 2 | . 2 . . Utility 5 | 1 3 . 1 Device 3 | 1 2 . . Storage 1 | . 1 . . Processor 1 | . . . 1 Hackware . | . . . . Protection . | . . . . Artifact . | . . . . Weapon 8 | 2 6 . . Energy Gun 4 | 1 3 . . Energy Cannon . | . . . . Ballistic Gun 2 | 1 1 . . Ballistic Cannon . | . . . . Launcher . | . . . . Special Weapon 2 | . 2 . . Impact Weapon . | . . . . Slashing Weapon . | . . . . Piercing Weapon . | . . . . Special Melee Weapon . | . . . . Unidentified Prototypes . | . . . . Parts Lost 7 | . 3 . 4 Power 2 | . 1 . 1 Propulsion 1 | . . . 1 Utility 2 | . 1 . 1 Weapon 2 | . 1 . 1 Highest Loss Streak 4 | . 2 . 4 To Critical Strikes . | . . . . Average Slot Usage (%) 95 | . 94 100 93 Engine 13 | . 13 14 13 Leg 18 | . 25 . . Flight 9 | . 2 28 27 Device 23 | . 24 28 14 Processor 2 | . . . 13 Energy Gun 8 | . 11 . . Ballistic Gun 13 | . 14 14 13 Special Weapon 4 | . . 14 12 Naked Turns . | . . . . Heaviest Build 11 | 7 11 7 7 Greatest Support 20 | 20 20 8 8 Greatest Overweight (x) 1 | . 1 . . Average Overweight (x) . | . . . . Largest Inventory Capacity 25 | 5 25 5 5 Average Capacity 5 | 5 5 5 5 Most Carried 5 | 5 5 5 5 Average Carried 4 | 2 4 5 4 Final Capacity 5 | 5 5 5 5 Final Carried 5 | 5 5 5 5 Class Distribution -------------------- 41% | Scavenger-Mutant 29% | Mutant 29% | Sprinter Dominant Class ---------------- Scavenger-Mutant | -10/Materials Sprinter | -10/Mines Sprinter | -10/Exiles Resources | -11 -10 -10 -10 ----------- Run | Yrd Mat Min Exi Matter Collected 424 | 246 137 41 . Remotely . | . . . . Salvage Created 612 | 76 536 . . Parts 45 | 10 35 . . Haulers Intercepted . | . . . . Recyclers Shooed 2 | . 2 . . Parts Field Recycled . | . . . . Retrieved Matter . | . . . . Parts Self-Destructed . | . . . . Prevented . | . . . . Kills | -11 -10 -10 -10 ------- Run | Yrd Mat Min Exi Combat Hostiles Destroyed 12 | 1 11 . . Guns 10 | . 10 . . AOE 2 | 1 1 . . Classes Destroyed 4 | 2 2 . . Worker 1 | . 1 . . Builder 1 | . 1 . . Tunneler 2 | 2 . . . Grunt 12 | 1 11 . . Best Kill Streak 3 | 3 3 . . Combat Bots Only 3 | 1 3 . . Max Kills in Single Turn 1 | 1 1 . . Gunslinging . | . . . . Exploded 1 | 1 1 . . Melee . | . . . . Uniques/NPCs Destroyed . | . . . . Combat | -11 -10 -10 -10 -------- Run | Yrd Mat Min Exi Hostile Shots Fired 83 | 3 54 . 26 Missed 22 | 1 9 . 12 Damage Taken 885 | 23 625 . 237 Core 258 | . 169 . 89 Absorbed by Shields . | . . . . Core Remaining (%) 100 | 100 . . . Volleys Fired 74 | 3 65 . 6 Largest 2 | 2 2 . 1 Hottest 60 | 60 60 . 20 Shots Fired 124 | 6 111 . 7 Gun 124 | 6 111 . 7 Cannon . | . . . . Launcher . | . . . . Special . | . . . . Kinetic 75 | 3 65 . 7 Thermal . | . . . . Explosive . | . . . . Electromagnetic 49 | 3 46 . . Robot Hit Streak 16 | 3 16 . 2 Robot Miss Streak 3 | 1 3 . 3 Penetration Max . | . . . . Secondary Targets . | . . . . Shots Hit Robots 81 | 3 76 . 2 Core Hits 36 | 4 30 . 2 Critical Kills . | . . . . Critical Parts Destroyed . | . . . . Critical Strikes 1 | . 1 . . Corrupt 1 | . 1 . . Melee Attacks . | . . . . Impact . | . . . . Slashing . | . . . . Piercing . | . . . . Sneak Attacks . | . . . . Combat Hostiles . | . . . . Follow-up Attacks . | . . . . Damage Inflicted 1049 | 72 952 . 25 Guns 855 | 43 787 . 25 Cannons . | . . . . Explosions 194 | 29 165 . . Melee . | . . . . Ramming . | . . . . Kinetic 388 | . 363 . 25 Thermal 194 | 29 165 . . Explosive . | . . . . Electromagnetic 467 | 43 424 . . Impact . | . . . . Slashing . | . . . . Piercing . | . . . . Highest Corruption 1 | . 1 1 1 Average Corruption 1 | . 1 1 1 Corruption Purged . | . . . . Corruption Blocked . | . . . . Effects 3 | . . . 3 Matter Fused 1 | . . . 1 Data Loss (minor) 1 | . . . 1 Misfires 1 | . . . 1 Overload Shots . | . . . . Overflow Damage 15 | . 15 . . Projectiles . | . . . . Explosions 15 | . 15 . . Melee . | . . . . Knockbacks . | . . . . Impact . | . . . . Kinetic . | . . . . Secondary . | . . . . Self-Inflicted Damage 29 | . 29 . . Shots 2 | . 2 . . Rammed . | . . . . Targets Rammed . | . . . . Kicked . | . . . . Crushed . | . . . . Highest Temperature 100 | 20 100 . 22 Average Temperature 25 | 11 30 . 6 Received Heat Transfer 382 | 12 330 . 40 Siege Activations . | . . . . Robots Corrupted . | . . . . Combat Hostiles . | . . . . Parts Fried . | . . . . Impact Corruptions . | . . . . Robots Melted . | . . . . Combat Hostiles . | . . . . Parts Melted . | . . . . Heat Transferred 300 | 50 250 . . Parts Sabotaged . | . . . . Parts Stolen . | . . . . Parts Stripped . | . . . . Power Chain Reactions 4 | 1 3 . . Alert | -11 -10 -10 -10 ------- Run | Yrd Mat Min Exi Peak Influence 305 | 30 305 83 . Initial 83 | . 19 83 . Average 142 | 7 184 83 . Maximum Alert Level 1 | . 1 . . Low Security (%) 69 | 100 57 100 . Level 1 30 | . 42 . . Level 2 . | . . . . Level 3 . | . . . . Level 4 . | . . . . Level 5 . | . . . . High Security . | . . . . Max Security . | . . . . Squads Dispatched 3 | . 3 . . Investigation 1 | . 1 . . Extermination . | . . . . Reinforcement 2 | . 2 . . Assault . | . . . . Garrison . | . . . . Intercept . | . . . . Searches Triggered . | . . . . Construction Impeded . | . . . . Haulers Reinforced . | . . . . Active Scanning Responses . | . . . . Cargo Convoy Interrupts . | . . . . Stealth | -11 -10 -10 -10 --------- Run | Yrd Mat Min Exi Distress Signals 3 | . 3 . . Communications Jammed . | . . . . Distress Signals . | . . . . Times Spotted 31 | 1 20 . 10 Peak Tracking Total 11 | 1 3 . 11 Tactical Retreats 2 | . 1 . 1 Traps | -11 -10 -10 -10 ------- Run | Yrd Mat Min Exi Traps Triggered 2 | . 2 . . Indirectly . | . . . . Trap Hack Attempts . | . . . . Triggered . | . . . . Disarmed . | . . . . Reprogrammed . | . . . . Reused . | . . . . Traps Extracted . | . . . . Installed . | . . . . Triggered . | . . . . Machines | -11 -10 -10 -10 ---------- Run | Yrd Mat Min Exi Machines Disabled 1 | . 1 . . Max in Single Turn 1 | . 1 . . Machines Repaired . | . . . . Machines Dismantled . | . . . . Machines Sabotaged . | . . . . Overloaded Fab Kills . | . . . . Hacking | -11 -10 -10 -10 --------- Run | Yrd Mat Min Exi Machines Accessed 4 | . 3 . 1 Terminals 1 | . 1 . . Fabricators . | . . . . Repair Stations . | . . . . Recycling Units 2 | . 2 . . Scanalyzers . | . . . . Garrison Access . | . . . . Total Hacks 16 | . 5 . 11 Successful 13 | . 2 . 11 Failed 3 | . 3 . . Catastrophic 1 | . 1 . . Database Lockouts . | . . . . Manual 5 | . 2 . 3 Terminals 2 | . 2 . . Fabricators . | . . . . Repair Stations . | . . . . Recycling Units 3 | . 3 . . Scanalyzers . | . . . . Garrison Access . | . . . . Terminal Hacks 12 | . 1 . 11 Record 11 | . . . 11 Security Status 1 | . 1 . . Fabricator Hacks . | . . . . Repair Station Hacks . | . . . . Recycling Unit Hacks 1 | . 1 . . Retrieve Matter 1 | . 1 . . Scanalyzer . | . . . . Garrison Access Hacks . | . . . . Unauthorized Hacks . | . . . . Terminals . | . . . . Fabricators . | . . . . Repair Stations . | . . . . Recycling Units . | . . . . Scanalyzers . | . . . . Garrison Access . | . . . . Data Cores Recovered . | . . . . Used . | . . . . Hacking Detections 2 | . 2 . . Full Trace Events 1 | . 1 . . Feedback Events . | . . . . Feedback Blocked . | . . . . Robot Schematics Acquired . | . . . . Robots Built . | . . . . Authchips . | . . . . Time . | . . . . Total Robot Build Rating . | . . . . Part Schematics Acquired . | . . . . Parts Built . | . . . . Authchips . | . . . . Time . | . . . . Total Part Build Rating . | . . . . Parts Repaired . | . . . . Time . | . . . . Parts Recycled . | . . . . Recycled Matter . | . . . . Retrieved Matter 196 | . 196 . . Retrieved Components . | . . . . Parts Scanalyzed . | . . . . Part Schematics Acquired . | . . . . Parts Damaged . | . . . . Bothacking | -11 -10 -10 -10 ------------ Run | Yrd Mat Min Exi Used RIF Installer . | . . . . Robots Hacked . | . . . . Non-combat . | . . . . Combat . | . . . . Robot Hacks Applied . | . . . . Relay Couplers Released . | . . . . Fabnet Peak Effective % . | . . . . Robots Rewired . | . . . . Allies Hacked . | . . . . Hacks Repelled . | . . . . Allies | -11 -10 -10 -10 -------- Run | Yrd Mat Min Exi Total Allies . | . . . . Largest Group . | . . . . Highest-Rated Group . | . . . . Highest-Rated Ally . | . . . . Total Orders . | . . . . Ally Attacks . | . . . . Total Damage . | . . . . Kills . | . . . . Allies Corrupted . | . . . . Allies Melted . | . . . . Intel | -11 -10 -10 -10 ------- Run | Yrd Mat Min Exi Robot Analysis Total . | . . . . Derelict Logs Recovered 1 | . . 1 . Drone Launches . | . . . . Drone Recoveries . | . . . . Exploration | -11 -10 -10 -10 ------------- Run | Yrd Mat Min Exi Turns Passed 950 | 140 585 89 136 Spaces Moved 1015 | 105 304 272 334 Core 15 | 15 . . . Treads . | . . . . Legs 324 | 90 234 . . Wheels . | . . . . Hover . | . . . . Flight 676 | . 70 272 334 Fastest Speed 32 | 50 32 32 32 Average Speed 60 | 110 100 32 32 Slowest Speed 120 | 120 120 32 35 Overloaded Moves . | . . . . Propulsion Burnouts . | . . . . Robots Hopped 4 | . . 4 . Cave-ins Triggered . | . . . . Exploration Rate (%) 43 | 6 46 63 60 Regions Visited 3 Branch Regions 2 Pre-discovered Areas 1 | . . . 1 Known Exits Taken . | . . . . Unknown Exits Taken 3 | 1 1 1 . Scrap Searched 2 | . . 2 . Spaces Dug . | . . . . Terrain Destroyed 9 | . 9 . . Melee . | . . . . Projectile . | . . . . AOE 9 | . 9 . . Terrain Rammed . | . . . . Walls Destroyed . | . . . . Machines Disabled . | . . . . Actions | -11 -10 -10 -10 --------- Run | Yrd Mat Min Exi Total 1242 | 124 491 269 358 Wait 94 | . 77 2 15 Move 1004 | 104 303 263 334 Hop 4 | . . 4 . Pick Up 25 | 11 13 . 1 Fast Attach 8 | . 8 . . Attach 8 | 6 1 . 1 Detach 1 | . 1 . . Swap 6 | . 6 . . Drop 18 | . 17 . 1 Fire 74 | 3 65 . 6 Melee . | . . . . Ram . | . . . . Kick . | . . . . Crush . | . . . . Escape Stasis . | . . . . Rewire . | . . . . Trap . | . . . . Miscellaneous . | . . . . Route ------- -11/Scrapyard -10/Materials -10/Mines -10/Exiles (discovered 1 exit: *Min) History --------- Turn | Location | Event 2 | -11/Scrapyard | Met Revision 17 90 | -11/Scrapyard | Discovered new exit (range 8) 141 | -11/Scrapyard | Entered Materials 427 | -10/Materials | Core integrity fell below 50% 589 | -10/Materials | Build established: Scavenger-Mutant 624 | -10/Materials | Discovered new exit (range 10) 726 | -10/Materials | Entered Mines 764 | -10/Mines | Found a hidden stash of uninstalled traps 814 | -10/Mines | Deemed a non-threat by the Exiles lab entrance 814 | -10/Mines | Discovered new exit (range 5) 815 | -10/Mines | Entered Exiles 841 | -10/Exiles | Discovered new exit (range 15) 846 | -10/Exiles | Identified exit to Mines 863 | -10/Exiles | Met 8R-AWN 875 | -10/Exiles | Met EX-HEX 894 | -10/Exiles | Met EX-DEC 901 | -10/Exiles | Learned location of Zion (-7) 912 | -10/Exiles | Met EX-BIN 913 | -10/Exiles | Attacked by the Exiles 943 | -10/Exiles | Core integrity fell below 20% 951 | -10/Exiles | Destroyed by as-85146 with Assembled Rifle Last Messages --------------- Want in on the action? Just step right into the FarCom Aligner and I'll do the rest. Now, I'll admit there could be side effects, but if you're willing to participate in the trials you can have one of our prototypes. How's that for a sweet deal? 00913_ System corrupted: FCS attempts to trigger Lgt. Assault Rifle. 00913_ System corrupted: Lgt. Assault Rifle misfires. 00913_ EXILES: Hostile robot within lab perimeter. Defensive protocols time, folks! 00915_ EX-BIN: "I just want to science!" 00934_ Connecting with EX-Vault Access... 00938_ Mining Laser destroyed. 00941_ Terrain Scanner destroyed. 00942_ Lgt. Ion Engine destroyed. 00943_ as-55543 destroyed. 00944_ Lgt. Assault Rifle severed. 00948_ VTOL Module destroyed. Map ----- +----------------------------------------------------+ | ???????????????????????# #???????????????????? | | ???????????????????????# #???????????????????? | | ???????????????????????# #???###?????????????? | | ???????????????????????# #??"""""#???????????? | | ???????????????????????# [ ## """#???????????? | | ???????????????????????# X""#???????????? | | ???????????????????????# ## """#???????????? | | ?????????????????####??# % #??"""""#???????????? | | ????????????????""""""?# #???###???#?????????? | | ????????????????"""" ## #???????????????????? | | ???????????????#""X" #?????????#?????????? | | ???????????????#" a #???????????????????? | | ???????????????#" ## #???????????????????? | | ???????????????#""""""?# a #?#########?????????? | | ???????????????##"###??# #?#"""""""#?????????? | | ???????????????????????# #?#"""""""#?????????? | | ???????????????????????# #?#"""""""#?????????? | | ??????????????????????## ###"" """"#?????????? | | ??????????????????????#" aa a """"#?????????? | | ??????????????????????#" """#?????????? | | ??????????????????????#" """#?????????? | | ??????????????????????#" """#?????????? | | ???????########???????#" """#?????????? | | ???????# """#???????#" """#?????????? | | ???????#"" """#???????## z """""????????? | | ???????#"" #????#???# @ """#?????????? | | ???????#"" #????????#" "X" """??????????? | | ??????##"" "#????????#" """ #?????????? | | ???????# ""#????????#" """""""""#?????????? | | ???????#"" ""#???????##" ###########?????????? | | ???????### ###??????##"" #???????????????????? | | ###????### ##########"" #??????#????????????? | | """#####X# #"###""""""" ##??????????????????? | | """""" " "" g##???###########???? | | "" """ " #####"""""""""##??? | | " " " """ """"##?? | | "" " #?? | | " """#?? | | " "#?? | | # " "##? | | ##" ""## | | ?#""" """""" """ | | ##" ######""" " | | #"" ""##?????####""" | | #""" """##?????????##""" | | """ """##???????????#"""" | | """ ""##??????????##"" | | "" ########??####"""" | | """ ## ####""" | | "" """" | +----------------------------------------------------+ Best States ------------- Heat Dissipation 39 Energy Generation 10 Energy Capacity 125 Matter Stores 300 Matter Capacity 300 Sight Range 16 Terrain Scan Range 16 Terrain Scan Density 10 Evasion (%) 63 Item Schematics ----------------- None Robot Schematics ------------------ None Fabricated ------------ Nothing Alien Tech Used ----------------- None Achievements -------------- None Challenges ------------ None Game ------ Seed NullSniperThrower Manual? 0 Play Time 00:43:01 Cumulative 33.6 hours Start 2024.03.01 @ 21:46:38 End 2024.03.01 @ 22:59:58 Sessions 1 Manual Loads 0 Difficulty Rogue Special Mode None Game No. 36 Rogue 36 Adventurer 0 Explorer 0 Win Type - Total 0 Types 0/0/0/0/0/0/0/0/0 Lore% 32 Gallery% 35 Achievement% 28 Wizard Run 0 Options --------- Layout 1 ASCII 0 Keyboard 0 Movement Arrows Keybinds 0 Fullscreen 1 Font 16/SmallcapsGlow Map View 50x40 Zoom Use 53% Tactical HUD 1 Map Filters NONE Filters NONE Steam 1 RUN: bb4d44c3-0714-49db-887d-0a1245173742